 Dungeon Crawl Stone Soup version 0.29-a0-872-g797fff5ad1 (webtiles) character file.

Game seed: 8553861850767571906

777 Turgor the Grave Robber (level 7, -1/51 HPs)
             Began as a Demonspawn Necromancer on July 18, 2022.
             Slain by a yak (10 damage)
             ... on level 5 of the Dungeon.
             The game lasted 00:32:28 (4745 turns).

Turgor the Grave Robber (Demonspawn Necromancer)    Turns: 4745, Time: 00:32:29

Health: -1/51      AC:  3    Str: 10    XL:     7   Next: 54%
Magic:  8/13       EV: 12    Int: 17    God:
Gold:   176        SH:  0    Dex: 13    Spells: 5/14 levels left

rFire   . . .      SeeInvis .   x - +0 hand axe (venom)
rCold   . . .      Faith    .   (no shield)
rNeg    . . .      Spirit   .   a - +0 robe
rPois   .          Reflect  .   (no helmet)
rElec   .          Harm     .   B - +0 cloak
rCorr   .          Rampage  .   (no gloves)
Will    .....                   (no boots)
Stlth   ++........              D - amulet of regeneration
HPRegen 0.97/turn               (no ring)
MPRegen 0.13/turn               (no ring)

@: no status effects
A: demonic guardian 3, sturdy frame 1
a: no special abilities


You were on level 5 of the Dungeon.
You visited 1 branch of the dungeon, and saw 5 of its levels.

You collected 176 gold pieces.

Inventory:

Hand Weapons
 d - a +0 dagger
 p - a +2 spear of flaming
 x - a +0 hand axe of venom (weapon)
 G - a +1 hand axe of flaming
Missiles
 y - 4 poisoned darts (quivered)
Armour
 a - a +0 robe (worn)
 k - a +0 buckler
 q - a +0 scale mail of fire resistance
 B - a +0 cloak (worn)
Magical Staves
 C - a staff of earth
Jewellery
 l - an amulet of faith
 D - an amulet of regeneration (around neck)
Wands
 s - a wand of roots (1)
 u - a wand of polymorph (8)
Scrolls
 c - 2 scrolls of enchant armour {unknown}
 e - 2 scrolls of vulnerability {unknown}
 f - a scroll of amnesia {unknown}
 h - 3 scrolls of immolation {unknown}
 i - a scroll of fog {unknown}
 j - a scroll of noise {unknown}
 m - 2 scrolls of enchant weapon {unknown}
 n - a scroll of magic mapping {unknown}
 r - a scroll of torment {unknown}
 w - 3 scrolls of blinking {unknown}
 A - a scroll of teleportation {unknown}
Potions
 b - 3 potions of magic
 g - a potion of lignification
 o - a potion of haste
 t - a potion of brilliance {unknown}
 v - a potion of attraction
 z - a potion of ambrosia
 E - a potion of heal wounds {unknown}
 F - a potion of mutation {unknown}


   Skills:
 + Level 2.7 Fighting
 + Level 1.4 Axes
 - Level 2.0 Dodging
 - Level 2.0 Stealth
 + Level 0.9 Shields
 * Level 4.3 Spellcasting
 * Level 2.6 Summonings
 * Level 6.3 Necromancy
 * Level 2.4 Translocations


You had 5 spell levels left.
You knew the following spells:

 Your Spells              Type           Power      Damage    Failure   Level
a - Necrotise             Necr           100%       1d9       1%          1
b - Vampiric Draining     Necr           25%        2d7       3%          3
c - Summon Forest         Summ/Tloc      6%         N/A       83%         5

Your spell library contained the following spells:

 Spells                   Type           Power      Damage    Failure   Level
 Animate Dead             Necr           25%        N/A       11%         4
 Dispel Undead            Necr           25%        3d12      11%         4
 Poisonous Vapours        Pois/Air       6%         N/A       22%         2
 Static Discharge         Conj/Air       3%         3-4/arc   22%         2
 Agony                    Necr           25%        N/A       30%         5
 Frozen Ramparts          Ice            6%         1d2       41%         3
 Ozocubu's Armour         Ice            3%         N/A       41%         3
 Summon Ice Beast         Ice/Summ       8%         N/A       65%         4
 Summon Lightning Spire   Summ/Air       8%         N/A       65%         4
 Ice Form                 Ice/Tmut       3%         N/A       83%         4
 Leda's Liquefaction      Hex/Erth       1%         N/A       83%         4
 Sticky Flame             Conj/Fire      3%         2d3       83%         4
 Summon Mana Viper        Hex/Summ       8%         N/A       94%         5
 Lee's Rapid Deconstruct  Erth           1%         3d5*      99%         5
 Lightning Bolt           Conj/Air       1%         1d12      99%         5
 Metabolic Englaciation   Hex/Ice        1%         N/A       99%         5
 Simulacrum               Ice/Necr       7%         N/A       99%         6
 Statue Form              Tmut/Erth      2%         N/A       100%        6
 Summon Cactus Giant      Summ           6%         N/A       100%        6
 Orb of Destruction       Conj           1%         9d5       100%        7


Dungeon Overview and Level Annotations

Branches:
Dungeon (5/15)
 Temple: D:4-7

Altars:

Shops:
D:2 :   D:4 :*


Innate Abilities, Weirdness & Mutations

A powerful demonic guardian rushes to your aid.
Your movements are slightly less encumbered by armour. (ER -2)


Message History

Unknown command.
Casting: Necrotise (safe; 1% risk of failure)
Confirm with . or Enter, or press ? or * to list all spells.
Aiming: Necrotise (safe; 1% risk of failure)
Press: ? - help, Shift-Dir - straight line, f/p - yak
Aim: a yak (lightly wounded, poisoned, chance to affect: 83%)
The yak writhes in agony!
Casting: Necrotise (safe; 1% risk of failure)
Confirm with . or Enter, or press ? or * to list all spells.
Aiming: Necrotise (safe; 1% risk of failure)
Press: ? - help, Shift-Dir - straight line, f/p - yak
Aim: a yak (moderately wounded, poisoned, chance to affect: 83%)
The yak writhes in agony!
The yak barely misses you.
Unknown command.
Casting: Necrotise (safe; 1% risk of failure)
Confirm with . or Enter, or press ? or * to list all spells.
Aiming: Necrotise (safe; 1% risk of failure)
Press: ? - help, Shift-Dir - straight line, f/p - yak
Aim: a yak (severely wounded, poisoned, chance to affect: 83%)
The yak writhes in agony.
The yak completely misses you.
Unknown command.
Casting: Necrotise (safe; 1% risk of failure)
Confirm with . or Enter, or press ? or * to list all spells.
Aiming: Necrotise (safe; 1% risk of failure)
Press: ? - help, Shift-Dir - straight line, f/p - yak
Aim: a yak (severely wounded, poisoned, chance to affect: 83%)
The yak writhes in agony!
The yak gores you! The yak closely misses you.
Unknown command.
Casting: Necrotise (safe; 1% risk of failure)
Confirm with . or Enter, or press ? or * to list all spells.
Aiming: Necrotise (safe; 1% risk of failure)
Press: ? - help, Shift-Dir - straight line, f/p - yak
Aim: a yak (almost dead, poisoned, chance to affect: 83%)
The yak writhes in agony.
The yak gores you! The yak gores you. The yak gores you!
A demonic guardian appears!
Unknown command.
The yak attacks as you move away! The yak gores you!
* * * LOW HITPOINT WARNING * * *
The yak attacks as you move away! The yak gores you!
You die...

##### #####Y..########
#...@Y3....(..(#
########.###Y..######(#
#........# ##### .#
#.#####..# Y# #.# #..#
YY #.# #..# #. #.# #.##
.# #.#####.# .#
#.....<.#


You could see 3 yaks and a friendly sun demon (summoned).

Vanquished Creatures
  A yak (D:5)
  A black bear (D:4)
  An ogre (D:5)
  2 hounds
  2 iguanas
  Ijyb (D:3)
  Natasha (twice) (D:2)
  5 adders
  A shadow imp (D:5)
  A worm (D:2)
  2 dart slugs (D:1)
  10 orcs
  7 ball pythons
  A bat (D:2)
  An endoplasm (D:1)
  5 giant cockroaches
  8 goblins
  4 hobgoblins
  5 quokkas
  4 frilled lizards
  9 kobolds
  10 rats
83 creatures vanquished.

Vanquished Creatures (collateral kills)
  An ogre (D:5)
  Natasha (D:2)
  An adder (D:4)
  A ball python (D:4)
  A goblin (D:2)
  A quokka (D:2)
  A frilled lizard (D:2)
7 creatures vanquished.

Vanquished Creatures (others)
  4 toadstools (D:1)
4 creatures vanquished.

Grand Total: 94 creatures vanquished

Notes
Turn   | Place    | Note
-------+----------+-------------------------------------------
     0 | D:1      | Turgor the Demonspawn Necromancer began the quest for the
                  | Orb.
     0 | D:1      | Reached XP level 1. HP: 13/13 MP: 3/3
   421 | D:1      | Gained mutation: A weak demonic guardian rushes to your
                  | aid. [demonic ancestry]
   421 | D:1      | Reached XP level 2. HP: 18/19 MP: 1/5
  1211 | D:2      | Noticed Natasha
  1396 | D:2      | Reached XP level 3. HP: 20/25 MP: 3/6
  1528 | D:2      | Learned a level 3 spell: Vampiric Draining
  1637 | D:2      | Reached skill level 1 in Fighting
  1646 | D:2      | Killed Natasha
  1647 | D:2      | Reached skill level 5 in Necromancy
  1647 | D:2      | Reached XP level 4. HP: 22/32 MP: 0/8
  1668 | D:2      | Noticed Natasha
  1750 | D:2      | Killed Natasha
  1951 | D:2      | Noticed Natasha
  1956 | D:2      | Killed Natasha
  1961 | D:2      | Got the Volume of the Bouncing Xenophobes
  1993 | D:2      | Found Sefraisch's Vocational Training.
  2039 | D:2      | Gained mutation: Your movements are slightly less
                  | encumbered by armour. (ER -2) [demonic ancestry]
  2039 | D:2      | Reached XP level 5. HP: 38/38 MP: 2/10
  2119 | D:2      | Learned a level 5 spell: Summon Forest
  2553 | D:3      | Noticed Ijyb
  2564 | D:3      | Killed Ijyb
  2817 | D:3      | Found a faded altar of an unknown god.
  3217 | D:3      | Reached skill level 1 in Summonings
  3217 | D:3      | Reached skill level 1 in Translocations
  3765 | D:4      | Noticed a black bear
  3776 | D:4      | Killed a black bear
  3777 | D:4      | Gained mutation: A demonic guardian rushes to your aid.
                  | [demonic ancestry]
  3777 | D:4      | Reached XP level 6. HP: 26/44 MP: 2/11
  4000 | D:4      | Found Ycaiduapuf's Book Boutique.
  4166 | D:4      | Found Nojuoxase's Elemental Accessories.
  4322 | D:5      | Entered Level 5 of the Dungeon
  4344 | D:5      | Reached skill level 6 in Necromancy
  4374 | D:5      | Reached skill level 1 in Axes
  4374 | D:5      | Gained mutation: A powerful demonic guardian rushes to your
                  | aid. [demonic ancestry]
  4374 | D:5      | Reached XP level 7. HP: 51/51 MP: 8/13
  4586 | D:5      | Noticed a yak
  4594 | D:5      | Noticed a yak
  4619 | D:5      | Killed a yak
  4728 | D:5      | Noticed a yak
  4728 | D:5      | Noticed a yak
  4745 | D:5      | Slain by a yak

Illustrated notes

Levels and vault maps discovered:
D:1:      ldierk_walled_garden_2, layout_basic, grunt_decor_mini_mirrors
D:2:      cheibrodos_helix_gallery, layout_rooms, nicolae_shop_vocational,
          uniq_natasha
D:3:      layout_loops_corners, shapermc_ecumenical_altar_starsandcircs,
          uniq_ijyb
D:4:      layout_rooms, serial_shops, nicolae_diamond_shop,
          nicolae_elemental_shop
D:5:      layout_loops_cross, serial_shops, kennysheep_little_box,
          nicolae_elevator_lobby_plus, uniq_edmund

Skill      XL: |  1  2  3  4  5  6  7 |
---------------+----------------------+-----
Dodging        | 2 |  2.0
Stealth        | 2 |  2.0
Fighting       | 1 2 |  2.7
Spellcasting   | 3 4 |  4.3
Necromancy     | 5 6 |  6.3
Summonings     | 1 2 |  2.6
Translocations | 1 2 |  2.4
Axes           | 1 |  1.4
Shields        | |  0.9

Action                   |  1- 3 |  4- 6 |  7- 9 || total
-------------------------+-------+-------+-------++-------
Melee: Dagger            |    17 |     6 |       ||    23
       Hand axe          |       |    40 |       ||    40
       Spear             |       |       |     4 ||     4
Throw: Stone             |       |     1 |       ||     1
       Dart              |       |     4 |     7 ||    11
 Cast: Necrotise         |    54 |    85 |    25 ||   164
       Vampiric Draining |       |       |     1 ||     1
Evoke: Wand              |       |     1 |       ||     1
  Use: Scroll            |       |     4 |       ||     4
 Stab: Sleeping          |     1 |     3 |       ||     4
Armor: Robe              |       |     8 |     1 ||     9
Dodge: Dodged            |    12 |    47 |     6 ||    65

Table legend: (Time is in decaauts)
 A = Elapsed time spent in this place.
 B = Non-inter-level travel time spent in this place.
 C = Inter-level travel time spent in this place.
 D = Time resting spent in this place.
 E = Time spent auto-exploring this place.
 F = Levels seen in this place.
 G = Mean time per level.
                   A        B        C        D        E       F      G
               +--------+--------+--------+--------+--------+-----+--------+
         Total |   4769 |   4678 |     91 |    352 |   3375 |   5 |  953.8 |
       Dungeon |   4769 |   4678 |     91 |    352 |   3375 |   5 |  953.8 |
               +--------+--------+--------+--------+--------+-----+--------+

Top non-repeatable levels by time:
     D:3: 1444 daAuts
     D:1: 1390 daAuts
     D:2: 893 daAuts
     D:4: 617 daAuts
     D:5: 423 daAuts
